[ AOE2 MATCH · #506099170 ]
UnrankedBulgarians vs Maya
Player's team · WIN
Rival team · LOSS
[ REPLAY ANALYSIS · EXTRACTED FROM THE RECORDED GAME ]
Feudal
8:52
Castle
24:31
Imperial
—
| APM avg | 62.3 |
| APM peak | 115 |
| eAPM avg | 19.4 |
| Villagers / military | 55 / 41 |
Focus
⚔️ 42.6% · 🌾 57.4%
Skirmisher ×18 · Militia ×9 · Knight ×7 · Scout Cavalry ×6 · Mangonel ×1
Feudal
8:51
Castle
25:03
Imperial
—
| APM avg | 62.4 |
| APM peak | 119 |
| eAPM avg | 21.9 |
| Villagers / military | 54 / 40 |
Focus
⚔️ 38.4% · 🌾 61.6%
Skirmisher ×29 · Archer ×6 · Militia ×5
Match map
Initial resources + every placement click. Lines = walls · curves = elevation contours. ◆ gold · ⬟ stone · ● berries · ✦ relic · ◌ wall gap
Your base· Open — opponent sealed themselves in
Ceeelebrate's base· ✓ Closed at 25:03 · 10t walls · no gate
Smoothed initial terrain · ◌ = detected wall gap · hover for details
Inputs per minute
— _DY_孟川 - - Ceeelebrate
Build order — _DY_孟川
First 150 of 154 actions detected
| 0:01 | Create | Villager (Male) |
| 0:03 | Build | House |
| 0:05 | Build | House |
| 0:05 | Create | Villager (Male) |
| 0:08 | Create | Villager (Male) |
| 0:08 | Create | Villager (Male) |
| 1:33 | Create | Villager (Male) |
| 1:34 | Create | Villager (Male) |
| 1:54 | Create | Villager (Male) |
| 1:55 | Create | Villager (Male) |
| 2:16 | Build | Lumber Camp |
| 2:25 | Create | Villager (Male) |
| 2:26 | Create | Villager (Male) |
| 2:29 | Create | Villager (Male) |
| 2:58 | Create | Villager (Male) |
| 3:37 | Create | Villager (Male) |
| 3:38 | Create | Villager (Male) |
| 3:50 | Build | House |
| 4:09 | Create | Villager (Male) |
| 4:38 | Create | Villager (Male) |
| 4:38 | Create | Villager (Male) |
| 5:16 | Create | Villager (Male) |
| 5:33 | Build | Barracks |
| 5:37 | Create | Villager (Male) |
| 6:14 | Research | Loom |
| 6:22 | Build | House |
| 6:42 | Research | Feudal Age |
| 6:56 | Build | House |
| 7:04 | Create | Militia |
| 7:04 | Create | Militia |
| 7:05 | Create | Militia |
| 7:32 | Create | Militia |
| 7:58 | Build | Mining Camp |
| 8:52 | Age | Feudal Age |
| 8:56 | Create | Villager (Male) |
| 9:04 | Build | Archery Range |
| 9:12 | Create | Villager (Male) |
| 9:30 | Research | Double-Bit Axe |
| 9:31 | Create | Villager (Male) |
| 10:00 | Create | Skirmisher |
| 10:13 | Create | Villager (Male) |
| 10:15 | Create | Militia |
| 10:15 | Create | Militia |
| 10:32 | Build | Blacksmith |
| 10:49 | Create | Skirmisher |
| 10:58 | Create | Militia |
| 11:00 | Create | Skirmisher |
| 11:24 | Create | Villager (Male) |
| 11:25 | Create | Skirmisher |
| 11:45 | Research | Fletching |
| 11:46 | Create | Skirmisher |
| 11:54 | Create | Villager (Male) |
| 11:57 | Build | House |
| 12:11 | Build | Mill |
| 12:12 | Create | Villager (Male) |
| 12:21 | Build | House |
| 12:24 | Create | Militia |
| 12:33 | Create | Skirmisher |
| 12:55 | Create | Villager (Male) |
| 13:07 | Build | Watch Tower |
| 13:24 | Create | Villager (Male) |
| 13:25 | Build | Farm |
| 13:26 | Build | Farm |
| 13:39 | Build | Farm |
| 13:41 | Build | Farm |
| 13:45 | Build | House |
| 13:46 | Build | House |
| 14:03 | Create | Villager (Male) |
| 14:10 | Create | Skirmisher |
| 14:28 | Build | Mining Camp |
| 14:42 | Create | Militia |
| 14:48 | Build | Farm |
| 14:50 | Build | Farm |
| 14:51 | Create | Villager (Male) |
| 15:02 | Create | Skirmisher |
| 15:22 | Create | Villager (Male) |
| 15:22 | Create | Villager (Male) |
| 15:24 | Build | Farm |
| 15:35 | Create | Villager (Male) |
| 15:35 | Create | Villager (Male) |
| 16:03 | Create | Villager (Male) |
| 16:03 | Create | Villager (Male) |
| 16:09 | Create | Villager (Male) |
| 16:09 | Create | Villager (Male) |
| 16:19 | Build | Farm |
| 16:21 | Build | Farm |
| 16:29 | Research | Padded Archer Armor |
| 16:40 | Create | Skirmisher |
| 16:40 | Create | Skirmisher |
| 16:51 | Build | Farm |
| 16:52 | Create | Villager (Male) |
| 16:54 | Build | House |
| 16:55 | Build | House |
| 16:56 | Build | House |
| 17:12 | Create | Skirmisher |
| 17:15 | Create | Villager (Male) |
| 17:20 | Build | Farm |
| 17:22 | Build | Farm |
| 17:30 | Create | Skirmisher |
| 17:35 | Create | Villager (Male) |
| 18:51 | Create | Skirmisher |
| 18:56 | Create | Villager (Male) |
| 18:56 | Create | Villager (Male) |
| 18:57 | Build | Farm |
| 18:59 | Build | Farm |
| 19:00 | Create | Villager (Male) |
| 19:09 | Create | Skirmisher |
| 19:15 | Build | Market |
| 19:40 | Create | Villager (Male) |
| 19:40 | Create | Villager (Male) |
| 19:46 | Create | Skirmisher |
| 19:54 | Create | Skirmisher |
| 20:00 | Build | Farm |
| 20:40 | Build | Farm |
| 20:43 | Build | Farm |
| 20:44 | Build | Farm |
| 20:49 | Build | Watch Tower |
| 20:51 | Create | Villager (Male) |
| 21:21 | Create | Villager (Male) |
| 21:48 | Research | Castle Age |
| 22:02 | Build | Stable |
| 22:22 | Create | Skirmisher |
| 22:23 | Create | Skirmisher |
| 22:33 | Build | Lumber Camp |
| 22:35 | Research | Horse Collar |
| 22:35 | Research | Horse Collar |
| 22:51 | Create | Scout Cavalry |
| 22:51 | Create | Scout Cavalry |
| 22:51 | Create | Scout Cavalry |
| 23:01 | Research | Scale Barding Armor |
| 23:26 | Build | Stable |
| 23:34 | Create | Villager (Male) |
| 23:48 | Create | Scout Cavalry |
| 24:08 | Create | Scout Cavalry |
| 24:08 | Create | Scout Cavalry |
| 24:31 | Age | Castle Age |
| 24:35 | Create | Knight |
| 24:36 | Create | Knight |
| 24:49 | Create | Villager (Male) |
| 25:04 | Build | Siege Workshop |
| 25:16 | Create | Knight |
| 25:16 | Create | Knight |
| 25:17 | Create | Knight |
| 25:20 | Research | Chain Barding Armor |
| 25:20 | Research | Chain Barding Armor |
| 25:21 | Create | Knight |
| 25:21 | Create | Knight |
| 25:22 | Create | Villager (Male) |
| 25:22 | Create | Villager (Male) |
| 25:39 | Build | Krepost |
Build order — Ceeelebrate
First 150 of 179 actions detected
| 0:00 | Research | Loom |
| 0:01 | Build | House |
| 0:02 | Build | House |
| 0:04 | Build | House |
| 0:05 | Create | Villager (Male) |
| 0:06 | Create | Villager (Male) |
| 0:06 | Create | Villager (Male) |
| 1:40 | Create | Villager (Male) |
| 1:47 | Create | Villager (Male) |
| 2:25 | Create | Villager (Male) |
| 2:25 | Create | Villager (Male) |
| 2:46 | Build | Lumber Camp |
| 2:53 | Create | Villager (Male) |
| 2:54 | Create | Villager (Male) |
| 3:11 | Create | Villager (Male) |
| 3:12 | Create | Villager (Male) |
| 3:12 | Create | Villager (Male) |
| 3:49 | Create | Villager (Male) |
| 3:49 | Create | Villager (Male) |
| 4:17 | Create | Villager (Male) |
| 4:46 | Create | Villager (Male) |
| 5:53 | Build | Barracks |
| 6:02 | Create | Villager (Male) |
| 6:25 | Build | House |
| 6:41 | Research | Feudal Age |
| 6:41 | Research | Feudal Age |
| 7:22 | Build | Mining Camp |
| 7:33 | Create | Militia |
| 7:33 | Create | Militia |
| 7:54 | Create | Villager (Male) |
| 8:20 | Create | Militia |
| 8:29 | Build | House |
| 8:34 | Build | Palisade Wall |
| 8:51 | Age | Feudal Age |
| 8:51 | Create | Villager (Male) |
| 8:56 | Build | Archery Range |
| 9:05 | Build | Blacksmith |
| 9:08 | Build | Palisade Wall |
| 9:18 | Create | Villager (Male) |
| 9:30 | Research | Man-at-Arms (upgrade) |
| 9:31 | Research | Man-at-Arms (upgrade) |
| 10:03 | Create | Archer |
| 10:08 | Create | Villager (Male) |
| 10:08 | Create | Villager (Male) |
| 10:10 | Build | Palisade Wall |
| 10:11 | Build | Palisade Wall |
| 10:11 | Build | Palisade Wall |
| 10:12 | Build | Palisade Wall |
| 10:21 | Research | Double-Bit Axe |
| 10:21 | Research | Double-Bit Axe |
| 10:21 | Research | Double-Bit Axe |
| 10:24 | Create | Villager (Male) |
| 10:55 | Create | Villager (Male) |
| 11:13 | Create | Archer |
| 11:26 | Create | Villager (Male) |
| 11:29 | Create | Militia |
| 11:33 | Create | Skirmisher |
| 11:39 | Build | House |
| 11:49 | Build | House |
| 11:57 | Build | House |
| 12:02 | Create | Militia |
| 12:12 | Build | Watch Tower |
| 12:43 | Create | Villager (Male) |
| 12:45 | Create | Villager (Male) |
| 13:03 | Build | Mill |
| 13:11 | Create | Skirmisher |
| 13:23 | Research | Fletching |
| 13:23 | Research | Fletching |
| 13:24 | Create | Villager (Male) |
| 13:45 | Create | Villager (Male) |
| 13:46 | Create | Skirmisher |
| 14:03 | Create | Villager (Male) |
| 14:06 | Build | House |
| 14:11 | Build | Farm |
| 14:11 | Build | Farm |
| 14:12 | Build | Farm |
| 14:12 | Build | Farm |
| 14:12 | Build | Farm |
| 14:12 | Build | Farm |
| 14:12 | Build | Farm |
| 14:17 | Create | Villager (Male) |
| 14:29 | Create | Villager (Male) |
| 14:35 | Build | Lumber Camp |
| 14:40 | Build | Farm |
| 14:55 | Create | Villager (Male) |
| 14:56 | Create | Skirmisher |
| 15:13 | Build | Farm |
| 15:19 | Build | Farm |
| 15:20 | Create | Villager (Male) |
| 15:22 | Create | Skirmisher |
| 15:36 | Create | Villager (Male) |
| 16:02 | Create | Villager (Male) |
| 16:04 | Create | Skirmisher |
| 16:11 | Build | Farm |
| 16:13 | Build | Farm |
| 16:16 | Build | Farm |
| 16:18 | Build | Farm |
| 16:26 | Create | Villager (Male) |
| 16:35 | Create | Skirmisher |
| 16:44 | Build | House |
| 16:45 | Build | House |
| 16:52 | Create | Villager (Male) |
| 16:59 | Create | Skirmisher |
| 17:10 | Build | Archery Range |
| 17:16 | Research | Padded Archer Armor |
| 17:16 | Research | Padded Archer Armor |
| 17:28 | Build | Farm |
| 17:43 | Create | Skirmisher |
| 17:52 | Create | Villager (Male) |
| 18:06 | Create | Skirmisher |
| 18:07 | Create | Skirmisher |
| 18:46 | Create | Villager (Male) |
| 18:49 | Create | Skirmisher |
| 18:49 | Create | Skirmisher |
| 18:52 | Create | Villager (Male) |
| 18:57 | Build | Farm |
| 18:58 | Build | Farm |
| 19:03 | Create | Skirmisher |
| 19:03 | Create | Skirmisher |
| 19:07 | Build | Archery Range |
| 19:19 | Build | Market |
| 19:36 | Create | Villager (Male) |
| 19:36 | Create | Villager (Male) |
| 19:43 | Create | Skirmisher |
| 19:45 | Create | Villager (Male) |
| 19:46 | Build | Farm |
| 19:47 | Build | Farm |
| 19:49 | Build | Farm |
| 19:58 | Build | Farm |
| 20:08 | Build | Farm |
| 20:32 | Create | Skirmisher |
| 20:32 | Create | Skirmisher |
| 20:38 | Build | House |
| 20:39 | Build | House |
| 20:39 | Create | Villager (Male) |
| 20:41 | Build | House |
| 20:45 | Create | Skirmisher |
| 21:11 | Create | Skirmisher |
| 21:11 | Create | Skirmisher |
| 21:14 | Create | Villager (Male) |
| 21:47 | Create | Villager (Male) |
| 21:47 | Create | Villager (Male) |
| 21:58 | Create | Skirmisher |
| 21:58 | Create | Skirmisher |
| 21:59 | Create | Skirmisher |
| 22:21 | Build | Mining Camp |
| 22:23 | Research | Castle Age |
| 22:23 | Research | Castle Age |
| 22:27 | Create | Skirmisher |
| 23:08 | Create | Archer |
Match timeline
| 5:33 | _DY_孟川 · first_building Barracks |
| 5:53 | Ceeelebrate · first_building Barracks |
| 8:34 | Ceeelebrate · wall_segment Palisade Wall x1 |
| 8:51 | Ceeelebrate · age_up feudal |
| 8:52 | _DY_孟川 · age_up feudal |
| 8:56 | Ceeelebrate · first_building Archery Range |
| 9:04 | _DY_孟川 · first_building Archery Range |
| 9:08 | Ceeelebrate · wall_segment Palisade Wall x5 |
| 10:10 | Ceeelebrate · wall_segment Palisade Wall x1 |
| 10:11 | Ceeelebrate · wall_segment Palisade Wall x1 |
| 10:11 | Ceeelebrate · wall_segment Palisade Wall x1 |
| 10:12 | Ceeelebrate · wall_segment Palisade Wall x1 |
| 20:53 | Ceeelebrate · first_market_sell 100 wood |
| 20:54 | Ceeelebrate · first_market_buy 100 food |
| 22:02 | _DY_孟川 · first_building Stable |
| 24:29 | Ceeelebrate · wall_segment Palisade Wall x1 |
| 24:30 | Ceeelebrate · wall_segment Palisade Wall x1 |
| 24:31 | _DY_孟川 · age_up castle |
| 24:32 | Ceeelebrate · wall_segment Palisade Wall x1 |
| 25:03 | Ceeelebrate · age_up castle |
| 25:04 | _DY_孟川 · first_building Siege Workshop |
| 25:35 | Ceeelebrate · first_building Siege Workshop |
| 25:39 | _DY_孟川 · first_building Krepost |
| 26:04 | Ceeelebrate · resign |
[ AI ANALYSIS · 1 CREDIT ]
What really happened in this match?
Wolo.gg analyzes every decision: build order, eco, micro, common mistakes by bracket. Personalized analysis on WhatsApp or Discord in 30 seconds.
Civ guide
Bulgarians
Perfil
_DY_孟川